 Dungeon Crawl Stone Soup version 0.28-a0-2-g643f2454ad (webtiles) character file.

Game seed: 7197607409952934262

182 robertstho the Ruffian (level 5, 0/79 HPs)
             Began as a Troll Berserker on July 22, 2021.
             Was a Believer of Trog.
             Slain by Sigmund (9 damage)
             ... on level 2 of the Dungeon.
             The game lasted 00:02:03 (1151 turns).

robertstho the Ruffian (Troll Berserker)            Turns: 1151, Time: 00:02:04

Health: 0/79       AC:  4    Str: 25    XL:     5   Next: 34%
Magic:  4/4        EV: 10    Int:  4    God:    Trog [**....]
Gold:   35         SH:  0    Dex:  9    Spells: 4/4 levels left

rFire   . . .      SeeInvis .     - Unarmed
rCold   . . .      Faith    .   (no shield)
rNeg    . . .      Spirit   .   a - +0 animal skin
rPois   .          Reflect  .   (helmet restricted)
rElec   .          Harm     .   (no cloak)
rCorr   .          Rampage  .   (gloves unavailable)
Will    .....                   (boots unavailable)
Stlth   ..........              (no amulet)
HPRegen 1.23/turn               (no ring)
MPRegen 0.09/turn               (no ring)

@: berserking (expiring), very quick
A: large, unfitting armour, claws 3, regeneration 1, shaggy fur 1, tough skin 1
a: Renounce Religion, Berserk, Trog's Hand


You were on level 2 of the Dungeon.
You worshipped Trog.
Trog was pleased with you.
You visited 1 branch of the dungeon, and saw 2 of its levels.

You collected 35 gold pieces.

Inventory:

Armour
 a - a +0 animal skin (worn)
Jewellery
 e - an amulet of guardian spirit
 g - an amulet of regeneration
Scrolls
 b - a scroll of torment {unknown}
 d - 3 scrolls of teleportation {unknown}
Potions
 c - a potion of heal wounds {unknown}
 f - a potion of experience {unknown}
 h - a potion of curing {unknown}
 i - a potion of attraction {unknown}


   Skills:
 * Level 3.1 Fighting
 * Level 1.3 Armour
 + Level 3.2 Dodging
 + Level 0.1 Stealth
 + Level 4.4 Unarmed Combat


You had 4 spell levels left.
You didn't know any spells.
Your spell library was empty.

Dungeon Overview and Level Annotations

Branches:
Dungeon (2/15)

Altars:
Beogh

Annotations:
D:2 Sigmund


Innate Abilities, Weirdness & Mutations

You are too large for most types of armour.
You have claws for hands.
Your natural rate of healing is unusually fast.
You are covered in fur. (AC +1)
You have tough skin. (AC +1)


Message History

Something hits you! The endoplasm barely misses you. The bat barely misses you.
You closely miss the bat. The bat hits you but does no damage.
Something hits you! The endoplasm freezes you.
You are frozen.
You claw the endoplasm!
You kill the endoplasm!
Trog accepts your kill. Something hits you.
You scratch the bat.
The bat is severely wounded.
The bat hits you but does no damage. x2; Something hits you!
The bat closely misses you. Something hits you!
You see here a rat corpse.
You are too injured to fight recklessly!
You are too injured to fight recklessly!
You are too injured to fight recklessly!
A red film seems to cover your vision as you go berserk!
You feel yourself moving faster!
You feel mighty! The bat barely misses you. Something hits you!
You miss something. The bat hits you but does no damage.
You miss something. The bat barely misses you.
Something hits you but does no damage.
You claw something! The bat barely misses you. Something hits you!
* * * LOW HITPOINT WARNING * * *
You miss something. The bat hits you but does no damage.
You miss something. The bat barely misses you. Something hits you!
* * * LOW HITPOINT WARNING * * *
You barely miss something. You claw something! The bat closely misses you.
You barely miss something. The bat misses you. Something completely misses you.
The bat hits you.
* * * LOW HITPOINT WARNING * * *
You miss something. The bat hits you but does no damage.
You hear some strange, mumbled words.
A puff of flame appears from out of thin air!
The puff of flame hits you.
* * * LOW HITPOINT WARNING * * *
You barely miss something. You miss something.
The bat hits you but does no damage. Something hits you!
You die...

#.........##.. ..
#.........##.. ...
#....#####.... ....
#....# #....
....#######....#####....
..........'....'...+....
.......b.##....#####....
#.....†.##....#####....
+....{@)'..............
#.......#######.......#
#.......# #........
#.......# #........
#.......# ##.......
.........# ###.....
.....##### ##.... .....
#.... #####


You could see a bat.

Vanquished Creatures
  An ogre (D:2)
  Terence (D:2)
  An adder (D:2)
  5 dart slugs
  4 bats
  5 endoplasms
  3 giant cockroaches (D:1)
  3 goblins
  4 hobgoblins
  10 jackals
  2 quokkas (D:1)
  3 ball pythons
  2 frilled lizards (D:1)
  6 kobolds
  5 rats
55 creatures vanquished.

Notes
Turn   | Place    | Note
-------+----------+-------------------------------------------
     0 | D:1      | robertstho the Troll Berserker began the quest for the Orb.
     0 | D:1      | Reached XP level 1. HP: 22/22 MP: 0/0
    79 | D:1      | Reached XP level 2. HP: 29/29 MP: 1/1
   390 | D:1      | Reached ** piety under Trog
   435 | D:1      | Reached XP level 3. HP: 36/36 MP: 2/2
   543 | D:1      | Found a faded altar of an unknown god.
   843 | D:2      | Noticed an ogre
   849 | D:2      | Killed an ogre
   850 | D:2      | Reached skill level 1 in Armour
   850 | D:2      | Reached skill level 4 in Unarmed Combat
   850 | D:2      | Reached XP level 4. HP: 45/45 MP: 3/3
   928 | D:2      | Reached XP level 5. HP: 53/53 MP: 4/4
   986 | D:2      | Noticed Terence
  1000 | D:2      | Killed Terence
  1128 | D:2      | Noticed Sigmund
  1151 | D:2      | Slain by Sigmund

Illustrated notes

Levels and vault maps discovered:
D:1:      matt_arrival_refuge, layout_loops_ring,
          hellmonk_ecumenical_altar_defaced_shrine, minmay_octomino_c4
D:2:      layout_basic, basic_altar, grunt_ministairs_7, uniq_terence,
          uniq_sigmund

Skill      XL: |  1  2  3 |
---------------+----------+-----
Fighting       | 3 |  3.1
Armour         | 1 |  1.3
Dodging        | 3 |  3.2
Unarmed Combat | 4 |  4.4
Stealth        | |  0.1

Action                   |  1- 3 |  4- 6 || total
-------------------------+-------+-------++-------
Melee: Unarmed           |    93 |    62 ||   155
       Punch             |     1 |     3 ||     4
Invok: Berserk           |       |     2 ||     2
Armor: Animal skin       |    33 |    17 ||    50
Dodge: Dodged            |    41 |    48 ||    89

Table legend: (Time is in decaauts)
 A = Elapsed time spent in this place.
 B = Non-inter-level travel time spent in this place.
 C = Inter-level travel time spent in this place.
 D = Time resting spent in this place.
 E = Time spent auto-exploring this place.
 F = Levels seen in this place.
 G = Mean time per level.
                   A        B        C        D        E       F      G
               +--------+--------+--------+--------+--------+-----+--------+
         Total |   1147 |   1114 |     33 |      0 |    815 |   2 |  573.5 |
       Dungeon |   1147 |   1114 |     33 |      0 |    815 |   2 |  573.5 |
               +--------+--------+--------+--------+--------+-----+--------+

Top non-repeatable levels by time:
     D:1: 766 daAuts
     D:2: 381 daAuts
